 Dungeon Crawl Stone Soup version 0.30.0-10-gfe55d96785 (webtiles) character file.

Game seed: 7708785616809391490

9230 monsoonserge the Covert (level 11, -33/75 HPs)
             Began as a Formicid Enchanter on May 16, 2023.
             Was a Believer of Wu Jian.
             Annihilated by a death yak simulacrum (34 damage)
             ... in an ice cave.
             The game lasted 00:54:31 (10493 turns).

monsoonserge the Covert (Formicid Enchanter)       Turns: 10493, Time: 00:54:32

Health: -33/75     AC: 13    Str: 14    XL:     11   Next: 70%
Magic:  14/17      EV: 14    Int: 18    God:    Wu Jian [**....]
Gold:   140        SH:  5    Dex: 14    Spells: 3/18 levels left

rFire   . . .        V - +2 dagger (elec)
rCold   . . .        (no shield)
rNeg    . . .        Q - +0 steam dragon scales
rPois   .            (helmet unavailable)
rElec   .            U - +2 cloak
rCorr   .            A - +0 pair of gloves
SInv    +            k - +1 pair of boots
Will    +....        H - amulet "Zafaes" {Reflect +Inv SH+5 Stlth+}
Stlth   ++++++       (no ring)
HPRegen 0.32/turn    (no ring)
MPRegen 0.15/turn

%: reflection
@: confusing by touch, invisible
A: permanent stasis, dig shafts and tunnels, antennae 3, four strong arms
a: Dig, Renounce Religion, Evoke Invisibility, Wall Jump


You were in an ice cave.
You worshipped Wu Jian.
Wu Jian was pleased with you.
You visited 2 branches of the dungeon, and saw 12 of its levels.
You also visited: Ice Cave.

You collected 608 gold pieces.
You spent 468 gold pieces at shops.

Inventory:

Hand Weapons
 h - a +1 dagger of electrocution
 v - a +1 dagger of freezing
 w - a +2 dagger of freezing
 y - a +1 shortbow of flaming
 C - a +1 dagger of speed
 V - a +2 dagger of electrocution (weapon)
Missiles
 r - 5 curare-tipped darts
 F - 16 poisoned darts (quivered)
 L - 7 boomerangs
Armour
 e - +0 acid dragon scales
 k - a +1 pair of boots (worn)
 A - a +0 pair of gloves (worn)
 Q - +0 steam dragon scales (worn)
 T - a +0 troll leather armour
 U - a +2 cloak (worn)
Magical Staves
 s - a staff of earth
 u - a staff of cold
Jewellery
 H - the amulet "Zafaes" (around neck) {Reflect +Inv SH+5 Stlth+}
   (You bought it in a shop on level 4 of the Dungeon)

   [amulet of reflection]

   It reflects blocked missile attacks.
   +Inv:      It lets you turn invisible.
   SH:        It affects your SH (+5).
   Stlth:     It makes you more stealthy.
Wands
 J - a wand of iceblast (8)
 K - a wand of digging (2)
 S - a wand of paralysis (6)
Scrolls
 a - 2 scrolls of fog {unknown}
 f - 5 scrolls of teleportation {unknown}
 g - 6 scrolls of identify {unknown}
 m - a scroll of blinking {unknown}
 n - 2 scrolls of immolation {unknown}
 o - a scroll of amnesia {unknown}
 B - 4 scrolls of fear {unknown}
 G - a scroll of torment {unknown}
 I - a scroll of brand weapon {unknown}
 M - a scroll of vulnerability {unknown}
 N - a scroll of enchant weapon {unknown}
 O - a scroll of acquirement {unknown}
 P - 2 scrolls of magic mapping {unknown}
 R - a scroll of butterflies {unknown}
 W - 2 scrolls of enchant armour {unknown}
Potions
 b - a potion of cancellation {unknown}
 d - a potion of magic {unknown}
 i - a potion of mutation {unknown}
 j - 2 potions of brilliance {unknown}
 l - a potion of ambrosia {unknown}
 p - 5 potions of curing
 q - 2 potions of attraction {unknown}
 t - 2 potions of might {unknown}
 x - 2 potions of heal wounds {unknown}
 z - 2 potions of berserk rage {unknown}
 D - 4 potions of lignification {unknown}
 E - 2 potions of flight {unknown}


   Skills:
 + Level 3.3 Fighting
 * Level 6.6 Short Blades
 + Level 0.1 Throwing
 - Level 6.0 Armour
 + Level 4.8 Dodging
 + Level 13.3 Stealth
 + Level 0.6 Shields
 - Level 4.0 Spellcasting
 - Level 2.0 Conjurations
 + Level 9.7 Hexes
 - Level 2.0 Ice Magic
 * Level 4.5 Evocations


You had 3 spell levels left.
You knew the following spells:

 Your Spells              Type           Power      Damage    Failure   Level
a - Ensorcelled Hibernat  Hex/Ice        48%        N/A       1%          2
b - Confusing Touch       Hex            38%        N/A       1%          3
c - Dazzling Flash        Conj/Hex       48%        N/A       4%          3
d - Cause Fear            Hex            19%        N/A       2%          4
e - Tukima's Dance        Hex            38%        N/A       1%          3

Your spell library contained the following spells:

 Spells                   Type           Power      Damage    Failure   Level
 Portal Projectile        Hex/Tloc       42%        N/A       6%          3
 Foxfire                  Conj/Fire      28%        2x1d5     10%         1
 Apportation              Tloc           6%         N/A       14%         1
 Necrotise                Necr           12%        1d4       14%         1
 Summon Small Mammal      Summ           12%        N/A       14%         1
 Static Discharge         Conj/Air       14%        2-3/arc   14%         2
 Scorch                   Fire           6%         2d5       22%         2
 Call Canine Familiar     Summ           3%         N/A       41%         3
 Leda's Liquefaction      Hex/Erth       10%        N/A       21%         4
 Flame Wave               Conj/Fire      7%         2d5       67%         4
 Airstrike                Air            1%         2d(1-17)  82%         4
 Summon Lightning Spire   Summ/Air       3%         N/A       82%         4
 Iskenderun's Battlesphe  Conj           10%        2d6       87%         5
 Iron Shot                Conj/Erth      3%         9d2       100%        6
 Summon Cactus Giant      Summ           1%         N/A       100%        6
 Dragon Form              Tmut           1%         N/A       100%        7
 Spellforged Servitor     Conj/Summ      3%         N/A       100%        7
 Dragon's Call            Summ           1%         N/A       100%        9


Dungeon Overview and Level Annotations

Branches:
Dungeon (11/15)            Temple (1/1) D:4            Lair (0/5) D:10
  IceCv (1/1)
    Orc: D:9-12

Altars:
Ashenzari
Cheibriados
Dithmenos
Elyvilon
Fedhas
Gozag
Hepliaklqana
Kikubaaqudgha
Makhleb
Nemelex Xobeh
Okawaru
Qazlal
Ru
Sif Muna
Trog
Uskayaw
Vehumet
Wu Jian
Xom
Yredelemnul
Zin
The Shining One

Shops:
D:2 (   D:4 =   D:7 [   D:11 [

Annotations:
D:2 Robin, Terence
D:10 Grum


Innate Abilities, Weirdness & Mutations

You cannot be hasted, slowed, berserked, paralysed or teleported.
You can dig through walls and to a lower floor.
You have a pair of large antennae on your head. (SInv)
Your four strong arms can wield two-handed weapons with a shield.


Message History

You skewer the cane toad simulacrum like a kebab!!!!
The cane toad simulacrum vaporises!
The Council accepts your kill.
The death yak simulacrum barely misses you.
Unknown command.
You lunge at the cane toad simulacrum, in a flurry of attacks.
The helpless cane toad simulacrum fails to defend itself.
You skewer the cane toad simulacrum like a kebab!!!!
The cane toad simulacrum vaporises!
The Council accepts your kill.
You spin and attack the death yak simulacrum repeatedly.
You hit the death yak simulacrum.
Lightning courses through the death yak simulacrum!!
The death yak simulacrum is heavily damaged.
You hit the death yak simulacrum but do no damage.
The death yak simulacrum is heavily damaged.
The death yak simulacrum gores you. The death yak simulacrum freezes you!!
You lunge at the death yak simulacrum, in a flurry of attacks.
The helpless death yak simulacrum fails to defend itself.
You spit the death yak simulacrum like a pig!!!!
The death yak simulacrum vaporises!
The Council accepts your kill.
You spin and attack the death yak simulacrum repeatedly.
You hit the death yak simulacrum but do no damage.
The death yak simulacrum is heavily damaged.
You hit the death yak simulacrum but do no damage.
The death yak simulacrum is heavily damaged.
Casting: Ensorcelled Hibernation (safe; 1% risk of failure)
Confirm with . or Enter, or press ? or * to list all spells.
Your hands begin to glow red.
The death yak simulacrum gores you. The death yak simulacrum freezes you!!
* * * LOW HITPOINT WARNING * * *
Press: ? - help, v - describe, . - travel
Here: a death yak simulacrum (heavily damaged, chance to confuse on hit: 67%)
The floor.
You fade into invisibility!
The death yak simulacrum gores you!
* * * LOW HITPOINT WARNING * * *
The death yak simulacrum freezes you!!
You die...

#### ##..######
##....##..##
#.......@°.##
#.∩.∩..Z....#
#.......##....#
##....### #..##
##..## .## ####
#


You could see a death yak simulacrum (unable to see you).

Vanquished Creatures
  2 two-headed ogres (D:10)
  A komodo dragon (D:10)
  5 trolls
  A hornet (D:8)
  A wyvern (D:7)
  11 yaks
  A shadow (D:9)
  A steam dragon (D:6)
  2 vampire mosquitoes (D:11)
  A death yak simulacrum (IceCv)
  2 acid dragons (D:9)
  A water moccasin (D:5)
  5 orc warriors
  2 ice beasts
  3 sky beasts
  A black bear (D:7)
  An ogre (D:5)
  3 centaurs
  2 phantoms
  A kobold brigand (D:10)
  6 bullfrogs
  2 cane toad simulacra (IceCv)
  5 scorpions
  8 wights
  6 killer bees
  An electric eel (D:9)
  2 howler monkeys
  5 orc priests
  A hound (D:6)
  A jelly (D:5)
  Crazy Yiuf (D:3)
  A gnoll bouda (D:5)
  A sleepcap (D:6)
  2 iguanas
  6 orc wizards
  3 gnolls (D:5)
  7 adders
  3 white imps
  An ufetubus (D:5)
  2 worms
  4 dart slugs
  42 orcs
  8 bats
  5 endoplasms
  3 giant cockroaches
  11 goblins
  7 hobgoblins
  7 jackals
  5 quokkas
  4 ball pythons
  5 frilled lizards
  11 kobolds
  9 rats
232 creatures vanquished.

Vanquished Creatures (others)
  An ugly thing (D:11)
1 creature vanquished.

Grand Total: 233 creatures vanquished

Notes
Turn   | Place    | Note
-------+----------+-------------------------------------------
     0 | D:1      | monsoonserge the Formicid Enchanter began the quest for the
                  | Orb.
     0 | D:1      | Reached XP level 1. HP: 13/13 MP: 3/3
    82 | D:1      | Reached skill level 4 in Stealth
   119 | D:1      | Reached XP level 2. HP: 19/19 MP: 5/5
   125 | D:1      | Learned a level 2 spell: Ensorcelled Hibernation
   753 | D:2      | Reached XP level 3. HP: 24/24 MP: 6/6
   758 | D:2      | Learned a level 3 spell: Confusing Touch
   823 | D:2      | Noticed Terence
   838 | D:2      | You fall into a shaft and drop 1 floor!
  1031 | D:2      | Found a faded altar of an unknown god.
  1044 | D:2      | Got Plato's Catalogue of Heat
  1265 | D:2      | Found Qodisen's Weapon Emporium.
  1448 | D:2      | Reached XP level 4. HP: 30/30 MP: 7/7
  1506 | D:2      | Noticed Robin
  1610 | D:2      | Reached skill level 1 in Armour
  1867 | D:3      | Reached skill level 1 in Ice Magic
  2057 | D:3      | Reached XP level 5. HP: 35/35 MP: 5/8
  2347 | D:3      | Found a runed translucent door.
  2348 | D:3      | Noticed Crazy Yiuf
  2355 | D:3      | Killed Crazy Yiuf
  2423 | D:4      | Found a sacrificial altar of Ru.
  2424 | D:4      | Found a radiant altar of Vehumet.
  2489 | D:4      | Found Komnaa's Jewellery Boutique.
  2497 | D:4      | Noticed a bullfrog
  2571 | D:4      | Found a hide-covered altar of Uskayaw.
  2574 | D:4      | Noticed a centaur
  2591 | D:4      | Killed a centaur
  2592 | D:4      | Reached skill level 5 in Stealth
  2592 | D:4      | Reached XP level 6. HP: 26/42 MP: 2/10
  2657 | D:4      | Found a glowing silver altar of Zin.
  2671 | D:4      | Reached skill level 1 in Fighting
  2810 | D:4      | Reached XP level 7. HP: 48/48 MP: 8/11
  2835 | D:4      | Found an ornate altar of the Wu Jian Council.
  2837 | D:4      | Found a blossoming altar of Fedhas.
  2887 | D:4      | Reached skill level 5 in Hexes
  2926 | D:4      | Found a staircase to the Ecumenical Temple.
  2954 | Temple   | Entered the Ecumenical Temple
  3288 | D:5      | Entered Level 5 of the Dungeon
  3317 | D:5      | Learned a level 3 spell: Dazzling Flash
  3780 | D:5      | Reached skill level 6 in Stealth
  3780 | D:5      | Reached skill level 1 in Conjurations
  3795 | D:5      | Noticed a water moccasin
  3801 | D:5      | Killed a water moccasin
  3802 | D:5      | Reached XP level 8. HP: 53/54 MP: 9/12
  3936 | D:4      | Became a worshipper of the Wu Jian Council
  4919 | D:6      | Found a shadowy altar of Dithmenos.
  5192 | D:6      | Reached skill level 7 in Stealth
  5399 | D:6      | Found a snail-covered altar of Cheibriados.
  5431 | D:6      | Reached XP level 9. HP: 49/61 MP: 13/13
  5688 | D:7      | Reached skill level 8 in Stealth
  5711 | D:6      | Reached skill level 5 in Armour
  6416 | D:7      | Reached skill level 9 in Stealth
  6501 | D:7      | Reached * piety under Wu Jian
  6607 | D:7      | Reached XP level 10. HP: 53/68 MP: 3/14
  6755 | D:7      | Found Omeamiax's Antique Armour Emporium.
  7101 | D:8      | Reached skill level 10 in Stealth
  7492 | D:8      | Learned a level 4 spell: Cause Fear
  7615 | D:4      | Bought the amulet "Zafaes" {Reflect +Inv SH+5 Stlth+} for
                  | 468 gold pieces
  8311 | D:9      | Found a glowing golden altar of the Shining One.
  8392 | D:9      | Reached skill level 5 in Short Blades
  8530 | D:9      | Reached skill level 11 in Stealth
  8533 | D:9      | Reached skill level 1 in Evocations
  8797 | D:9      | Reached ** piety under Wu Jian
  9235 | D:9      | Reached XP level 11. HP: 75/75 MP: 16/16
  9269 | D:9      | Learned a level 3 spell: Tukima's Dance
  9740 | D:10     | Entered Level 10 of the Dungeon
  9745 | D:10     | Found a staircase to the Lair.
  9750 | D:10     | Reached skill level 12 in Stealth
 10001 | D:10     | Noticed a two-headed ogre
 10003 | D:10     | Killed a two-headed ogre
 10047 | D:10     | Noticed a two-headed ogre
 10050 | D:10     | Killed a two-headed ogre
 10146 | D:10     | Reached skill level 13 in Stealth
 10250 | D:10     | Noticed Grum
 10312 | D:11     | Killed a red ugly thing
 10329 | D:11     | Found a transporter.
 10329 | D:11     | Found Jyenlixu's Armour Emporium.
 10352 | D:11     | Found a transporter.
 10444 | D:11     | Found a frozen archway.
 10485 | IceCv    | Entered an ice cave
 10493 | IceCv    | HP: 1/75 [death yak simulacrum (10)]
 10493 | IceCv    | Annihilated by a death yak simulacrum

Illustrated notes

Levels and vault maps discovered:
D:1:      minmay_arrival_radiant_lines, layout_basic
D:2:      minmay_alternating_diamond, layout_loops_corners,
          shapermc_ecumenical_altar_rom_forum, serial_shops,
          nicolae_shop_advertising_works [nicolae_subvault_shop_adworks],
          minivault_4, uniq_robin, uniq_terence
D:3:      layout_rooms, uniq_crazy_yiuf_cottage
D:4:      layout_cave_pools, mainiacjoe_overflow_boulevard,
          grunt_temple_overflow_open, nicolae_overflow_hidden_temple,
          minmay_temple_entry_waves, serial_shops, shop, minmay_small_thing
D:5:      layout_basic, nicolae_kite_square_tiling_tiny, grunt_ministairs_5
D:6:      layout_loops_corners, grunt_dithmenos_smoke_and_mirrors,
          mainiacjoe_overflow_surrounded_room, moated_statue, dk_noncrumbling_3,
          kennysheep_generic_room_9
D:7:      layout_basic, serial_shops, shop_fountains
D:8:      layout_layer_cave
D:9:      layout_stronghold, tso_metal_star, minmay_crystal_water
D:10:     layout_basic, david_lair_shrubbed, uniq_grum
D:11:     layout_roguey, portal_ice_cave_entry_pillars_2, serial_shops,
          nicolae_shop_drivethru, lemuel_flamethrower_hall
Temple:   nicolae_temple_ecumenical_triangle
IceCv:    ice_cave_small_necro

Skill      XL: |  1  2  3  4  5  6  7  8  9 10 11 |
---------------+----------------------------------+-----
Stealth        | 4 5 6 7 9 11 13 | 13.3
Hexes          | 4 5 7 8 9 |  9.7
Dodging        | 2 3 4 |  4.8
Armour         | 1 2 3 4 5 6 |  6.0
Ice Magic      | 1 2 |  2.0
Fighting       | 1 2 3 |  3.3
Spellcasting   | 3 4 |  4.0
Short Blades   | 2 3 4 5 6 |  6.6
Conjurations   | 1 2 |  2.0
Evocations     | 2 4 |  4.5
Throwing       | |  0.1
Shields        | |  0.6

Action                     |  1- 3 |  4- 6 |  7- 9 | 10-12 || total
---------------------------+-------+-------+-------+-------++-------
  Melee: Dagger            |   104 |   131 |   281 |   145 ||   661
         Punch             |       |     1 |     3 |     2 ||     6
  Throw: Boomerang         |       |       |     1 |       ||     1
         Dart              |       |       |       |     1 ||     1
   Cast: Ensorcelled Hiber |     5 |    31 |    46 |    56 ||   138
         Confusing Touch   |       |       |    11 |     6 ||    17
         Dazzling Flash    |       |       |     2 |       ||     2
Ability: Shaft Self        |     1 |       |       |       ||     1
         Lunge             |       |       |    17 |    41 ||    58
         Whirlwind         |       |       |     6 |     5 ||    11
    Use: Potion            |       |     1 |     2 |     1 ||     4
   Stab: Sleeping          |    22 |    20 |    38 |    52 ||   132
         Invisible         |       |     2 |     6 |       ||     8
         Confused          |       |       |     5 |     5 ||    10
         Distracted        |       |       |       |     2 ||     2
 Armour: Robe              |    12 |       |       |       ||    12
         Ring mail         |    12 |    36 |    40 |       ||    88
         Leather armour    |       |    21 |    37 |       ||    58
         Steam dragon scal |       |       |    11 |    29 ||    40
  Dodge: Dodged            |    76 |   106 |   163 |    55 ||   400
  Block: Other             |       |       |       |    15 ||    15
